 Seeded DCSS version 0.28-a0-628-g3c9886e45e (webtiles) character file.

Game seed: 99 (custom seed)

67 a11behringer the Slasher (level 4, 0/33 HPs)
             Began as a Djinni Gladiator on Oct 8, 2021.
             Was a Follower of Okawaru.
             Killed from afar by an orc wizard (5 damage)
             ... with a magic dart
             ... on level 3 of the Dungeon.
             The game lasted 00:06:20 (2188 turns).

a11behringer the Slasher (Djinni Gladiator)         Turns: 2188, Time: 00:06:22

Health: 0/33       AC:  4    Str: 13    XL:     4   Next: 38%
Gold:   55         EV: 13    Int: 10    God:    Okawaru [*.....] SH:  0 Dex: 15

rFire   + + .      SeeInvis .   a - +0 long sword
rCold   x . .      Faith    +   (no shield)
rNeg    . . .      Spirit   .   b - +0 leather armour
rPois   ∞          Reflect  .   c - +0 helmet
rElec   .          Harm     .   (no cloak)
rCorr   .          Rampage  .   (no gloves)
Will    .....                   (boots unavailable)
Stlth   +.........              f - amulet of faith
HPRegen 0.11/turn               (no ring)
MPRegen 0.00/turn               (no ring)

@: confused, flying
A: sickness immunity, fire resistance 2, cold vulnerability 1, float, innate
caster, hp casting, extra vitality 1
a: Renounce Religion, Heroism


You were on level 3 of the Dungeon.
You worshipped Okawaru.
Okawaru was aware of your devotion.
You visited 1 branch of the dungeon, and saw 3 of its levels.

You collected 55 gold pieces.

Inventory:

Hand Weapons
 a - a +0 long sword (weapon)
Missiles
 d - 3 throwing nets (quivered)
Armour
 b - a +0 leather armour (worn)
 c - a +0 helmet (worn)
Jewellery
 f - an amulet of faith (around neck)
Scrolls
 e - a scroll of brand weapon {unknown}
 g - a scroll of noise {unknown}
Potions
 h - a potion of heal wounds {unknown}


   Skills:
 + Level 2.2 Fighting
 * Level 3.9 Long Blades
 + Level 1.6 Throwing
 + Level 0.4 Armour
 + Level 3.7 Dodging


You had 2 spell levels left.
You knew the following spells:

 Your Spells              Type           Power      Damage    Failure   Level
a - Summon Small Mammal   Summ           0%         N/A       43%         1
Your spell library was empty.

Dungeon Overview and Level Annotations

Branches:
Dungeon (3/15)

Altars:
Okawaru


Innate Abilities, Weirdness & Mutations

You are immune to sickness and miasma.
You are immune to poison.
Your flesh is very heat resistant. (rF++)
You are vulnerable to cold. (rC-)
You float through the air rather than walking.
You learn spells naturally, not from books.
Your magical power is your life essence.
You have superior vitality. (+4 HP)


Message History

You hit the orc wizard.
The orc wizard is moderately wounded.
The orc barely misses you.
The orc wizard casts a spell.
The orc wizard flickers and vanishes!
Deactivating autopickup; reactivate with Ctrl-A.
You completely miss something. The orc closely misses you.
Something hits you but does no damage.
You barely miss something.
You hear the slow rusting of a distant drain.
The orc misses you. Something hits you but does no damage.
You hit something.
You feel like a meek peon again. The orc barely misses you. Something hits you.
You barely miss something.
The orc hits you from afar with a +0 trident.
Something hits you. The orc closely misses you.
You barely miss something. Something hits you but does no damage.
The orc closely misses you.
You closely miss something. Something hits you. The orc closely misses you.
Something barely misses you.
You hit something.
The orc hits you from afar with a +0 trident!
Something hits you but does no damage.
You slash something! The orc closely misses you.
You hear some strange, mumbled words.
You are confused.
You bump into the rock wall.
The orc hits you from afar with a +0 trident.
You hear some strange, mumbled words.
A puff of flame appears from out of thin air!
The puff of flame hits you. You resist.
* * * LOW HITPOINT WARNING * * *
You bump into the rock wall.
The orc hits you from afar with a +0 trident.
* * * LOW HITPOINT WARNING * * *
You hear some strange, mumbled words.
A magic dart appears from out of thin air!
The magic dart hits you.
You die...

#.####.###......#
#...##.# ...... #
#.####.###..... .#
#.####.#.# ...##.#
#....#...# ......
#......#####.#.#.#
#.....<..........#
#.........##.#.###
#.....###.##@#
#.....# #.##{#
#####...#.#.oo
#.#.#.###..
###.#.# .## #.# .#
#.# .# ..# ..


You could see 2 orcs.

Vanquished Creatures
  2 adders (D:2)
  2 dart slugs (D:1)
  An orc (D:3)
  2 ball pythons (D:2)
  3 bats
  9 endoplasms
  A giant cockroach (D:2)
  2 goblins (D:1)
  6 hobgoblins
  A quokka (D:2)
  2 frilled lizards
  3 kobolds
  6 rats
40 creatures vanquished.

Notes
Turn   | Place    | Note
-------+----------+-------------------------------------------
     0 | D:1      | a11behringer the Djinni Gladiator began the quest for the
                  | Orb.
     0 | D:1      | Reached XP level 1. HP: 18/18 MP: 0/0
   238 | D:1      | Reached XP level 2. HP: 23/23 MP: 0/0
   504 | D:1      | Reached XP level 3. HP: 18/28 MP: 0/0
   504 | D:1      | Learned a level 1 spell: Summon Small Mammal
   520 | D:1      | Found a faded altar of an unknown god.
   543 | D:1      | Became a worshipper of Warmaster Okawaru
   543 | D:1      | Reached * piety under Okawaru
  1740 | D:2      | Reached XP level 4. HP: 33/33 MP: 0/0
  2188 | D:3      | Killed from afar by an orc wizard

Illustrated notes

Levels and vault maps discovered:
D:1:      shiori_arrival_oz, layout_loops_corners,
          dreamdust_ecumenical_altar_grove
D:2:      layout_loops_ring
D:3:      lemuel_castle_with_subvaults [lemuel_castle_interior_carwin_3],
          layout_basic, serial_rivers, chequers_serial_rivers_micro_b,
          chequers_serial_rivers_small_3, chequers_serial_rivers_room_b,
          chequers_serial_rivers_small_b, chequers_serial_rivers_micro_d,
          gup_sewer_entry_spiral, uniq_terence

Skill      XL: |  1 |
---------------+----+-----
Long Blades    | 3 |  3.9
Fighting       | |  2.2
Throwing       | |  1.6
Armour         | |  0.4
Dodging        | |  3.7

Action                   |  1- 3 |  4- 6 || total
-------------------------+-------+-------++-------
Melee: Long sword        |    87 |    34 ||   121
Invok: Heroism           |       |     1 ||     1
 Stab: Sleeping          |     3 |     1 ||     4
Armor: Leather armour    |    23 |    11 ||    34
Dodge: Dodged            |    57 |    40 ||    97

Table legend: (Time is in decaauts)
 A = Elapsed time spent in this place.
 B = Non-inter-level travel time spent in this place.
 C = Inter-level travel time spent in this place.
 D = Time resting spent in this place.
 E = Time spent auto-exploring this place.
 F = Levels seen in this place.
 G = Mean time per level.
                   A        B        C        D        E       F      G
               +--------+--------+--------+--------+--------+-----+--------+
         Total |   2212 |   2019 |    193 |      0 |   1698 |   3 |  737.3 |
       Dungeon |   2212 |   2019 |    193 |      0 |   1698 |   3 |  737.3 |
               +--------+--------+--------+--------+--------+-----+--------+

Top non-repeatable levels by time:
     D:1: 1139 daAuts
     D:2: 1014 daAuts
     D:3: 58 daAuts
